 Dungeon Crawl Stone Soup version 0.32-a0-41-gec2d92a32c (webtiles) character file.

Game seed: 1822041125102996041

61 lunkers the Grave Robber (level 3, -1/24 HPs)
             Began as a Vampire Necromancer on Jan 25, 2024.
             Slain by an ufetubus (3 damage)
             ... on level 5 of the Dungeon.
             The game lasted 00:02:23 (2421 turns).

lunkers the Grave Robber (Vampire Necromancer)      Turns: 2421, Time: 00:02:24

Health: -1/24      AC:  5    Str:  7    XL:     3   Next: 83%
Magic:  7/7        EV: 12    Int: 19    God:
Gold:   143        SH:  0    Dex: 14    Spells: 6/7 levels left

rFire   . . .        c - +2 dagger (elec)
rCold   . . .        (no shield)
rNeg    . . .        a - +0 robe
rPois   .            l - +2 helmet {SInv}
rElec   .            (no cloak)
rCorr   .            (no gloves)
SInv    +            (no boots)
Will    .....        (no amulet)
Stlth   ++           o - ring of flight
HPRegen 0.44/turn    (no ring)
MPRegen 0.10/turn

%: no passive effects
@: flying, healing quickly
A: alive, fangs 3, see invisible, vampiric 2
a: Exsanguinate


You were on level 5 of the Dungeon.
You visited 2 branches of the dungeon, and saw 5 of its levels.

You collected 143 gold pieces.

Inventory:

Hand Weapons
 c - a +2 dagger of electrocution (weapon)
Armour
 a - a +0 robe (worn)
 l - a +2 helmet of see invisible (worn)
Jewellery
 o - a ring of flight (left hand)
Scrolls
 d - a scroll of immolation {unknown}
 e - a scroll of poison {unknown}
 f - a scroll of enchant weapon {unknown}
 h - a scroll of fog {unknown}
 i - a scroll of brand weapon {unknown}
 j - a scroll of identify {unknown}
 k - a scroll of summoning {unknown}
 n - 2 scrolls of enchant armour {unknown}
Potions
 b - a potion of magic
 g - a potion of curing {unknown}
 m - a potion of heal wounds {unknown}


   Skills:
 - Level 2.1 Dodging
 - Level 3.0 Stealth
 + Level 2.7 Spellcasting
 * Level 5.5 Necromancy


You had 6 spell levels left.
You knew the following spells:

 Your Spells              Type           Power      Damage    Failure   Level
a - Necrotise             Necr           92%        1d8       1%          1

Your spell library contained the following spells:

 Spells                   Type           Power      Damage    Failure   Level
 Vampiric Draining        Necr           23%        2d7       4%          3
 Sting                    Conj/Alch      8%         1d3       16%         1
 Animate Dead             Necr           23%        N/A       16%         4
 Mercury Vapours          Alch/Air       4%         N/A       24%         2
 Curse of Agony           Necr           23%        N/A       41%         5
 Borgnjor's Vile Clutch   Necr/Erth      6%         N/A       80%         5
 Olgreb's Toxic Radiance  Alch           2%         N/A       83%         4
 Death Channel            Necr           11%        N/A       94%         6


Dungeon Overview and Level Annotations

Branches:
Dungeon (5/15)             Temple (1/1) D:5

Altars:
Ashenzari
Cheibriados
Dithmenos
Fedhas
Hepliaklqana
Kikubaaqudgha
Makhleb
Nemelex Xobeh
Okawaru
Trog
Uskayaw
Wu Jian
Xom
Yredelemnul


Innate Abilities, Weirdness & Mutations

Your natural rate of healing is accelerated.
You have razor-sharp teeth.
You have supernaturally acute eyesight. (SInv)
You are afflicted with vampirism and can become a bat while bloodless.


Message History

The ufetubus barely misses you. The ufetubus closely misses you.
The ufetubus barely misses you. The ufetubus attacks as it pursues you!
The ufetubus closely misses you. x2
The ufetubus barely misses you. x2; The ufetubus slips past you!
The ufetubus barely misses you. The ufetubus closely misses you.
Unknown command.
You hit the ufetubus but do no damage.
The ufetubus hits you but does no damage. x2
The ufetubus barely misses you. The ufetubus hits you.
* * * LOW HITPOINT WARNING * * *
You barely miss the ufetubus.
The ufetubus hits you but does no damage.
The ufetubus barely misses you. x2; The ufetubus hits you.
* * * LOW HITPOINT WARNING * * *
The ufetubus barely misses you. x2; The ufetubus closely misses you.
The ufetubus hits you but does no damage.
You hit the ufetubus.
The ufetubus is lightly wounded.
The ufetubus barely misses you. The ufetubus closely misses you.
The ufetubus barely misses you. The ufetubus hits you.
* * * LOW HITPOINT WARNING * * *
You hit the ufetubus.
The ufetubus is moderately wounded.
The ufetubus hits you but does no damage. x2
The ufetubus completely misses you.
The ufetubus hits you but does no damage.
The ufetubus barely misses you. The ufetubus hits you.
* * * LOW HITPOINT WARNING * * *
The ufetubus barely misses you. The ufetubus misses you.
You hit the ufetubus.
The ufetubus is severely wounded.
The ufetubus hits you but does no damage.
The ufetubus barely misses you. The ufetubus slips past you!
The ufetubus hits you but does no damage.
The ufetubus barely misses you.
Unknown command.
You hit the ufetubus but do no damage.
The ufetubus is severely wounded.
The ufetubus hits you.
You die...

#. #.##.#.# ###.
#.##...## ...#
#.###.8.## #...
#.##.....#
#.#.###.##8.>.8#
#....##.##.....#
#..#......#.8.##
#.55##.....###
##@###..#### #.#
#.?# #.# #..#
#.# #..# ..#
#..# ### #..#


You could see 2 ufetubi.

Vanquished Creatures
  Jessica (D:2)
  A shadow imp (D:5)
  An orc (D:3)
  A ball python (D:3)
  4 bats
  An endoplasm (D:1)
  2 giant cockroaches (D:1)
  A hobgoblin (D:1)
  3 kobolds
  A quokka (D:3)
  A frilled lizard (D:2)
  5 goblins
  5 rats (D:1)
27 creatures vanquished.

Vanquished Creatures (collateral kills)
  A kobold (D:3)
1 creature vanquished.

Grand Total: 28 creatures vanquished

Notes
Turn   | Place    | Note
-------+----------+-------------------------------------------
     0 | D:1      | lunkers the Vampire Necromancer began the quest for the
                  | Orb.
     0 | D:1      | Reached XP level 1. HP: 13/13 MP: 3/3
   462 | D:1      | Reached XP level 2. HP: 19/19 MP: 3/5
   788 | D:1      | Found a faded altar of an unknown god.
  1099 | D:2      | Reached skill level 5 in Necromancy
  1188 | D:2      | Found a basalt altar of Yredelemnul.
  1637 | D:2      | Noticed Jessica
  1651 | D:2      | Killed Jessica
  1652 | D:2      | Gained mutation: You are afflicted with vampirism and can
                  | become a bat while bloodless. [Vampire growth]
  1652 | D:2      | Reached XP level 3. HP: 12/24 MP: 0/6
  2373 | D:3      | You fall into a shaft and drop 2 floors!
  2373 | D:5      | Entered Level 5 of the Dungeon
  2388 | D:5      | Found a staircase to the Ecumenical Temple.
  2402 | Temple   | Entered the Ecumenical Temple
  2419 | D:5      | HP: 1/24 [ufetubus (3)]
  2421 | D:5      | Slain by an ufetubus

Illustrated notes

Levels and vault maps discovered:
D:1:      scummos_arrival_hexagon, layout_loops_ring,
          hellmonk_ecumenical_altar_inner_sanctum
D:2:      layout_loops_corners, basic_altar, uniq_jessica
D:3:      layout_basic, grunt_gozag_breadcrumbs, overflow_temple_1_default,
          uniq_grinder
D:5:      layout_loops_ring, minmay_temple_entry_statues_pillars
Temple:   nicolae_temple_superstar

Skill      XL: |  1  2 |
---------------+-------+-----
Necromancy     | 5 |  5.5
Dodging        | |  2.1
Stealth        | |  3.0
Spellcasting   | |  2.7

Action                     || total
---------------------------++-------
  Melee: Dagger            ||    22
         Bite              ||     2
   Cast: Necrotise         ||    43
 Armour: Robe              ||    34
  Dodge: Dodged            ||    39

Table legend: (Time is in decaauts)
 A = Elapsed time spent in this place.
 B = Non-inter-level travel time spent in this place.
 C = Inter-level travel time spent in this place.
 D = Time resting spent in this place.
 E = Time spent auto-exploring this place.
 F = Levels seen in this place.
 G = Mean time per level.
                   A        B        C        D        E       F      G
               +--------+--------+--------+--------+--------+-----+--------+
         Total |   2419 |   2203 |    216 |      0 |   1990 |   5 |  483.8 |
       Dungeon |   2417 |   2201 |    216 |      0 |   1990 |   4 |  604.2 |
        Temple |      1 |      1 |      0 |      0 |      0 |   1 |    1.0 |
               +--------+--------+--------+--------+--------+-----+--------+

Top non-repeatable levels by time:
     D:1: 1080 daAuts
     D:2: 1049 daAuts
     D:3: 241 daAuts
     D:5: 45 daAuts
  Temple: 1 daAuts
